 Dungeon Crawl Stone Soup version 0.31-a0-204-g7da18cac08 (webtiles) character file.

Game seed: 16227563972195356007

62 qw the Shooter (level 3, 0/20 HPs)
             Began as a Deep Elf Hunter on June 27, 2023.
             Succumbed to their own poison gas
             ... on level 2 of the Dungeon.
             The game lasted 00:00:27 (1129 turns).

qw the Shooter (Deep Elf Hunter)                    Turns: 1129, Time: 00:00:28

Health: 0/20       AC:  5    Str: 10    XL:     3   Next: 85%
Magic:  5/5        EV: 13    Int: 13    God:
Gold:   45         SH:  0    Dex: 24    Spells: 2/2 levels left

rFire   . . .        Y - +1 shortbow
rCold   . . .        (shield currently unavailable)
rNeg    . . .        c - +0 leather armour
rPois   .            (no helmet)
rElec   .            d - +0 cloak
rCorr   .            (no gloves)
SInv    .            i - +0 pair of boots
Will    .....        (no amulet)
Stlth   ++           g - +4 ring of slaying {mikee}
HPRegen 0.23/turn    h - +6 ring of dexterity
MPRegen 0.09/turn

%: no passive effects
@: lethally poisoned (0 -> -3)
A: no striking features
a: no special abilities


You were on level 2 of the Dungeon.
You visited 1 branch of the dungeon, and saw 2 of its levels.

You collected 45 gold pieces.


   Skills:
 - Level 1.5 Fighting
 - Level 7.3 Ranged Weapons
 + Level 2.4 Dodging
 - Level 1.2 Stealth


You had 2 spell levels left.
You didn't know any spells.
Your spell library was empty.

Inventory:

Hand Weapons
 Y - a +1 shortbow (weapon)
Armour
 c - a +0 leather armour (worn)
 d - a +0 cloak (worn)
 i - a +0 pair of boots (worn)
Jewellery
 g - a +4 ring of slaying (left hand) {mikee}
 h - a +6 ring of dexterity (right hand)
Potions
 a - a potion of heal wounds
 e - a potion of degeneration {unknown}
 l - a potion of berserk rage {unknown}

Dungeon Overview and Level Annotations

Branches:
Dungeon (2/15)

Altars:

Shops:
D:2 ?


Message History

As you read the scroll labelled ANAOMA NEADULO, it crumbles to dust.
It was a scroll of poison.
Done exploring.
1120 ||| READING scroll labelled GOAGOBB YHIUMA.
As you read the scroll labelled GOAGOBB YHIUMA, it crumbles to dust.
It is a scroll of identify.
Really abort (and waste the scroll)?
Done exploring.
1121 ||| READING scroll labelled RIGAYR AXZOPRO.
Blink to where?
Press: ? - help, Dir - move target, f - you Are you sure you want to cancel this blink?
As you read the scroll labelled RIGAYR AXZOPRO, it crumbles to dust.
It was a scroll of blinking.
Done exploring.
1122 ||| DRINKING 2 white potions.
It was a potion of heal wounds.
You feel much better.
Done exploring.
(D) Dungeon
Where to? (* - list waypoints, Enter - D:2, ? - help)
What level of the Dungeon? (default 1, ? - help) Sorry, I don't know how to get there.
Enter note:
Enter note:
Enter note: Really walk into that cloud of poison gas?
You are engulfed in poison gas.
You are poisoned.
You feel very sick.
1124 ||| Stepping ~*~*~tactically~*~*~ (cloud).
You feel sick.
There is a lethal amount of poison in your body!
You feel sick.
There is a lethal amount of poison in your body!
You feel sick.
There is a lethal amount of poison in your body!
You feel sick.
There is a lethal amount of poison in your body!
You feel sick.
There is a lethal amount of poison in your body!
You die...

### #0####
#0¤.[#
#@##.#
#######
#0##.#
#..%..#
#0##.#
#.###.#
#¤##.# #.#
#.# #0##.#
#.# #.# #
#¤##.# #.#
#.#####
#0##.###.#
#......
##¤##..(..#
#####..
#......##%#
###....


There were no monsters in sight!

Vanquished Creatures
  2 adders (D:2)
  3 ball pythons (D:1)
  3 endoplasms
  2 giant cockroaches (D:2)
  6 goblins
  3 hobgoblins
  3 kobolds (D:1)
  3 quokkas
  6 bats
  4 frilled lizards
  5 rats
40 creatures vanquished.

Notes
Turn   | Place    | Note
-------+----------+-------------------------------------------
     0 | D:1      | qw the Deep Elf Hunter began the quest for the Orb.
     0 | D:1      | Reached XP level 1. HP: 12/12 MP: 3/3
     0 | D:1      | 0 ||| qw: Version: 0.3-a-22-g0ed2b0b
     0 | D:1      | 0 ||| qw: Game counter: 6491
     0 | D:1      | 0 ||| qw: Melee chars always use a shield: true
     0 | D:1      | 0 ||| qw: God list: Okawaru
     0 | D:1      | 0 ||| qw: Allow faded altars: false
     0 | D:1      | 0 ||| qw: Do Orc after clearing Dungeon:15 true
     0 | D:1      | 0 ||| qw: Do second Lair branch before Depths: true
     0 | D:1      | 0 ||| qw: Lair rune preference: random
     0 | D:1      | 0 ||| qw: Goals: Normal
     0 | D:1      | 0 ||| PLANNING D:1-11
    97 | D:1      | Found a faded altar of an unknown god.
   126 | D:1      | Reached skill level 6 in Ranged Weapons
   126 | D:1      | Reached XP level 2. HP: 16/16 MP: 4/4
   144 | D:1      | HP: 4/16 [frilled lizard (3)]
   275 | D:1      | 275 ||| FLEEEEING.
   276 | D:1      | 276 ||| FLEEEEING.
   700 | D:1      | 700 ||| UPGRADING to +0 cloak.
   705 | D:1      | 705 ||| UPGRADING to +0 pair of boots.
   710 | D:1      | 710 ||| UPGRADING to +4 ring of slaying {mikee}.
   711 | D:1      | 711 ||| READING scroll labelled OHIGEYGONG.
   712 | D:1      | 712 ||| READING scroll labelled KEFUOR CICSU.
   713 | D:1      | 713 ||| READING scroll labelled OMIFAJEYFE.
   714 | D:1      | 714 ||| READING scroll labelled TOCZUM CIDA.
   715 | D:1      | 715 ||| DROPPING scroll of butterflies.
   740 | D:2      | Reached XP level 3. HP: 20/20 MP: 5/5
   768 | D:2      | Found Zeukhluni's Magic Scroll Boutique.
   781 | D:2      | 781 ||| SHOPLISTING scroll of enchant weapon (82 gold, have
                  | 14).
   781 | D:2      | 781 ||| SHOPLISTING scroll of identify (22 gold, have 14).
   781 | D:2      | 781 ||| SHOPLISTING scroll of teleportation (33 gold, have
                  | 14).
   840 | D:2      | Reached skill level 7 in Ranged Weapons
  1118 | D:2      | 1118 ||| UPGRADING to +6 ring of dexterity.
  1119 | D:2      | 1119 ||| READING scroll labelled ANAOMA NEADULO.
  1120 | D:2      | 1120 ||| READING scroll labelled GOAGOBB YHIUMA.
  1121 | D:2      | 1121 ||| READING scroll labelled RIGAYR AXZOPRO.
  1122 | D:2      | 1122 ||| DRINKING 2 white potions.
  1124 | D:2      | 1124 ||| Stepping ~*~*~tactically~*~*~ (cloud).
  1125 | D:2      | HP: 4/20 [poisoned by you (poison gas)]
  1128 | D:2      | HP: 1/20 [poisoned by you (poison gas)]
  1129 | D:2      | Succumbed to their own poison gas

Levels and vault maps discovered:
D:1:      matt_arrival_refuge, layout_loops_ring,
          hellmonk_ecumenical_altar_heavens_door
D:2:      layout_basic, serial_shops, nicolae_shop_stone, minmay_misc_feat_roman

Skill      XL: |  1  2  3 |
---------------+----------+-----
Ranged Weapons | 6 7 |  7.3
Fighting       | |  1.5
Dodging        | |  2.4
Stealth        | |  1.2

Action                     || total
---------------------------++-------
   Fire: Shortbow          ||    76
    Use: Scroll            ||     7
         Potion            ||     1
 Armour: Leather armour    ||     5
  Dodge: Dodged            ||    12

Table legend:
 A = Non-vault XP
 B = Vault XP
 C = Vault XP percentage of total XP
 D = Non-vault monster count
 E = Vault monster count
 F = Vault count percentage of total count
                 A         B        C        D         E       F
            +---------+---------+-------+---------+---------+-------
      Total |      89 |       0 |   0.0 |      40 |       0 |   0.0
            +---------+---------+-------+---------+---------+-------
        D:1 |      35 |       0 |   0.0 |      22 |       0 |   0.0
        D:2 |      54 |       0 |   0.0 |      18 |       0 |   0.0
            +---------+---------+-------+---------+---------+-------
